[Event "Early-Titled-Tuesday-Blitz-April-16-2024"]
[Site "Chess.com"]
[Date "2024.04.16"]
[Round "11"]
[White "michaelskie11"]
[Black "UNSTOPPABLE_LEGEND"]
[Result "1-0"]
[WhiteElo "2413"]
[BlackElo "2549"]
[TimeControl "180+1"]
[EndTime "10:10:29 PDT"]
[Termination "michaelskie11 won by resignation"]

1. d4 Nf6 2. Nc3 e6 3. e4 d5 4. Bg5 dxe4 5. Nxe4 Be7 6. Bxf6 gxf6 7. Nf3 f5 8. Nc3 a6 9. Bc4 b5 10. Bb3 Bb7 11. Qe2 Nd7 12. O-O-O b4 13. d5 bxc3 14. dxe6 Bd6 15. exd7+ Kf8 16. Ne5 f4 17. Nxf7 Qf6 18.
Nxh8 f3 19. gxf3 Bxf3 20. Qc4 Bxh1 21. Rxh1 Qf4+ 22. Qxf4+ Bxf4+ 23. Kb1 Ke7 24. Nf7 Kxd7 25. bxc3 a5 26. a4 Re8 27. Rd1+ Kc6 28. Nd8+ Kb6 29. Ne6 Bxh2 30. Rh1 Bd6 31. Rxh7 Rg8 32. Kb2 Rg1 33. f4 Rf1 34. Rf7 Rf2 35. f5 Be5 36. Nd4 Rf4 37. Re7 Bh8 38. Re6+ Kb7 39. Bd5+ 1-0

[Event "Early-Titled-Tuesday-Blitz-April-16-2024"]
[Site "Chess.com"]
[Date "2024.04.16"]
[Round "11"]
[White "Herzog2012"]
[Black "kacperkarwowski"]
[Result "1-0"]
[WhiteElo "2536"]
[BlackElo "2498"]
[TimeControl "180+1"]
[EndTime "10:10:29 PDT"]
[Termination "Herzog2012 won on time"]

1. e4 c6 2. d4 d6 3. a4 h6 4. Nc3 g5 5. Be3 Bg7 6. f3 Nd7 7. h4 Nf8 8. a5 Ne6 9. Bc4 Nf6 10. Bxe6 Bxe6 11. hxg5 hxg5 12. Rxh8+ Bxh8 13. Bxg5 d5 14. e5 Nd7 15. Nge2 c5 16. f4 Qc7 17. Qd3 cxd4 18.
Nxd4 Nc5 19. Qb5+ Bd7 20. Nxd5 Qc8 21. Qb4 1-0

[Event "Early-Titled-Tuesday-Blitz-April-16-2024"]
[Site "Chess.com"]
[Date "2024.04.16"]
[Round "11"]
[White "KubaGepard"]
[Black "NigiriSushies"]
[Result "1-0"]
[WhiteElo "2585"]
[BlackElo "2434"]
[TimeControl "180+1"]
[EndTime "10:10:32 PDT"]
[Termination "KubaGepard won by checkmate"]

1. d4 Nf6 2. Nf3 d5 3. c4 c6 4. e3 Bf5 5. Bd3 Bxd3 6. Qxd3 e6 7. O-O Nbd7 8. Nbd2 Bd6 9. Rd1 O-O 10. e4 dxe4 11.
Nxe4 Nxe4 12. Qxe4 Nf6 13. Qe2 Qe7 14. b3 Rfe8 15. Bb2 Rad8 16. h3 h6 17. Rd3 Nh5 18.
g3 c5 19. Rad1 cxd4 20. Nxd4 Bc5 21. Qxh5 Qf6 22. Qe2 e5 23. Nf3 Rxd3 24. Rxd3 Qg6 25. Nxe5 Qf5 26. Rf3 Qb1+ 27. Kg2 Qxa2 28. Qd3 Qxb2 29.
Nxf7 Re2 30. Nxh6+ gxh6 31. Qd5+ Kg7 32. Qxc5 Qe5 33. Qxa7 Qe4 34. Qa1+ Kg6 35. Qf6+ Kh7 36. Qf5+ Qxf5 37. Rxf5 Re7 38. Rb5 Kg6 39. g4 Rf7 40.
Rb6+ Kg5 41. Kg3 h5 42. h4# 1-0

[Event "Early-Titled-Tuesday-Blitz-April-16-2024"]
[Site "Chess.com"]
[Date "2024.04.16"]
[Round "11"]
[White "Darius321"]
[Black "Ramu_K_FM_FT"]
[Result "1-0"]
[WhiteElo "2306"]
[BlackElo "2145"]
[TimeControl "180+1"]
[EndTime "10:10:37 PDT"]
[Termination "Darius321 won by resignation"]

1. e4 c5 2. d4 cxd4 3. c3 d3 4.
c4 d6 5. Nc3 g6 6. h3 Bg7 7.
Bxd3 Nf6 8. Nf3 O-O 9. O-O Nc6 10. Bg5 Be6 11. Nd5 Bxd5 12. exd5 Nb8 13. Qd2 Nbd7 14. Bh6 Rc8 15. Rae1 Nc5 16. Bxg7 Kxg7 17. b3 a5 18. Nd4 Re8 19. f4 e5 20. dxe6 fxe6 21.
Bb1 Qb6 22. Kh2 e5 23. Nb5 Rcd8 24. Qc3 exf4 25. Rxe8 Rxe8 26. Rxf4 Rf8 27. Qd4 d5 28. Nc3 Ne6 29. Qxb6 Nxf4 30. Qc7+ Rf7 31. Qxf4 dxc4 32. Qxc4 1-0

[Event "Early-Titled-Tuesday-Blitz-April-16-2024"]
[Site "Chess.com"]
[Date "2024.04.16"]
[Round "11"]
[White "Matols"]
[Black "kyuotbi"]
[Result "1/2-1/2"]
[WhiteElo "2360"]
[BlackElo "2267"]
[TimeControl "180+1"]
[EndTime "10:10:38 PDT"]
[Termination "Game drawn by repetition"]

1. d4 Nf6 2. c4 g6 3. g3 Bg7 4.
Bg2 c6 5. Nc3 d5 6. Qb3 dxc4 7.
Qxc4 Be6 8. Qd3 Na6 9. Nf3 O-O 10. O-O Bf5 11. e4 Be6 12. a3 b5 13. Qe2 Bc4 14.
Qe3 Bxf1 15. Bxf1 Ng4 16. Qg5 Nf6 17. Be3 Nc7 18. Rc1 Ne6 19. Qh4 h5 20. d5 cxd5 21.
exd5 Nc7 22. Rd1 a6 23. Bg2 Rc8 24. Ne5 Qd6 25. Bf4 Qc5 26. Be3 Qd6 27. Bf4 Qc5 28.
Be3 Qd6 1/2-1/2

[Event "Early-Titled-Tuesday-Blitz-April-16-2024"]
[Site "Chess.com"]
[Date "2024.04.16"]
[Round "11"]
[White "Manukyan_Artak"]
[Black "ViktoriyaTarasova"]
[Result "1-0"]
[WhiteElo "2507"]
[BlackElo "2369"]
[TimeControl "180+1"]
[EndTime "10:10:39 PDT"]
[Termination "Manukyan_Artak won on time"]

1. e4 e5 2. Nf3 Nc6 3. d4 exd4 4. Nxd4 Nf6 5. Nxc6 bxc6 6. e5 Qe7 7. Qe2 Nd5 8. c4 Nb6 9. b3 a5 10. a4 Qe6 11.
Nc3 Bb4 12. Bb2 O-O 13. O-O-O d5 14. exd6 cxd6 15. f4 Qg6 16. h4 Bg4 17. Qd3 Bxd1 18. Qxd1 d5 19. Bd3 Qg3 20. Ne2 Qe3+ 21. Kb1 dxc4 22.
bxc4 Rad8 23. Rh3 Qe7 24. Rg3 f6 25. h5 Rf7 26. h6 g6 27. f5 g5 28. Nf4 Bd6 29.
Ng6 hxg6 30. fxg6 Bxg3 31. gxf7+ Kh8 32. Qh5 1-0

[Event "Early-Titled-Tuesday-Blitz-April-16-2024"]
[Site "Chess.com"]
[Date "2024.04.16"]
[Round "11"]
[White "KVAIDAN"]
[Black "ReinisUz"]
[Result "1-0"]
[WhiteElo "2386"]
[BlackElo "2394"]
[TimeControl "180+1"]
[EndTime "10:10:40 PDT"]
[Termination "KVAIDAN won by resignation"]

1. f4 c5 2. Nf3 Nc6 3. d3 g6 4. e4 Bg7 5. Be2 d5 6. O-O dxe4 7.
dxe4 Qxd1 8. Rxd1 Bg4 9. e5 Rd8 10. Rxd8+ Kxd8 11. c3 Kc7 12. Be3 b6 13. Na3 Kb7 14.
h3 Bd7 15. Rd1 Be8 16. Nd2 f6 17. Ndc4 fxe5 18. Bf3 exf4 19. Bxf4 a6 20. Ne5 Nf6 21. Rd8 Rf8 22. Nac4 Ne4 23. Rxe8 Rxf4 24. Nxc6 Kxc6 25. Rxe7 Bf6 26. Rxe4 Rxe4 27. Bxe4+ Kc7 28. Kf2 b5 29. Ne3 Kd6 30. Ke2 b4 31. Kd3 a5 32. Nc4+ Kc7 33. Nxa5 Kb6 34. Nb3 Kb5 35. Bd5 Kb6 36. Kc4 bxc3 37. bxc3 Be7 38. a4 1-0

[Event "Early-Titled-Tuesday-Blitz-April-16-2024"]
[Site "Chess.com"]
[Date "2024.04.16"]
[Round "11"]
[White "Zhigalko_Sergei"]
[Black "SpeedofLight0"]
[Result "1/2-1/2"]
[WhiteElo "2936"]
[BlackElo "3067"]
[TimeControl "180+1"]
[EndTime "10:10:42 PDT"]
[Termination "Game drawn by repetition"]

1. e4 Nc6 2. Nf3 d6 3. d4 Nf6 4. Nc3 g6 5. Bb5 a6 6. Bxc6+ bxc6 7. O-O Bg7 8. h3 O-O 9. Re1 Nd7 10. Be3 a5 11.
Qd2 Nb6 12. b3 a4 13. Bh6 f6 14. Bxg7 Kxg7 15. Rad1 Qe8 16. e5 fxe5 17. dxe5 Rxf3 18.
gxf3 d5 19. e6 Qf8 20. Qd4+ Qf6 21. Qc5 Bb7 22. Re3 Rf8 23. Nxa4 Nxa4 24. bxa4 Qg5+ 25.
Kh2 Rf4 26. Rg1 Qh4 27. Rb3 Ba6 28. Rg4 Qf6 29. Rxf4 Qxf4+ 30. Kg2 Qg5+ 31. Kh2 Qf4+ 32. Kg2 Qg5+ 33. Kh2 Qf4+ 1/2-1/2

[Event "Early-Titled-Tuesday-Blitz-April-16-2024"]
[Site "Chess.com"]
[Date "2024.04.16"]
[Round "11"]
[White "MathiasWomacka"]
[Black "ilqar_74"]
[Result "0-1"]
[WhiteElo "2478"]
[BlackElo "2756"]
[TimeControl "180+1"]
[EndTime "10:10:43 PDT"]
[Termination "ilqar_74 won on time"]

1. e4 c5 2. Nf3 d6 3. d4 cxd4 4. Nxd4 Nf6 5. Nc3 e5 6. Bb5+ Nbd7 7. Nf5 a6 8. Bxd7+ Qxd7 9. Bg5 Nxe4 10. Nxg7+ Bxg7 11. Nxe4 O-O 12. Nf6+ Bxf6 13. Bxf6 Qe6 14. Qf3 Qf5 15. Qxf5 Bxf5 16. O-O-O Rfc8 17. c3 Rc6 18. Be7 Re8 19. Bxd6 f6 20. Ba3 Be6 21. Kb1 b5 22. Rd2 a5 23. Rhd1 Kf7 24. Rd6 Rec8 25. Rxc6 Rxc6 26. Rd6 Rc8 27. Rb6 b4 28. Bxb4 axb4 29. Rxb4 Rd8 30. a4 Rd1+ 31. Kc2 Rf1 32. f4 exf4 33. Kd3 Bd5 34. a5 Bxg2 35. Ra4 Bc6 36. Ra3 f3 37. b4 f2 38. Ke3 f5 39. c4 Rc1 40. Kxf2 Rxc4 41. Rb3 Bb5 42. Ke3 Ke6 43. Ra3 Rxb4 44. a6 Ra4 45. Rxa4 Bxa4 46. a7 Bc6 47. Kf4 Kf6 48. h4 h5 0-1

[Event "Early-Titled-Tuesday-Blitz-April-16-2024"]
[Site "Chess.com"]
[Date "2024.04.16"]
[Round "11"]
[White "Korchmar_Vasiliy"]
[Black "Stanbad1"]
[Result "0-1"]
[WhiteElo "2702"]
[BlackElo "2609"]
[TimeControl "180+1"]
[EndTime "10:10:45 PDT"]
[Termination "Stanbad1 won on time"]

1. d4 Nf6 2. c4 c5 3. d5 b5 4. Nf3 g6 5. e4 Nxe4 6. Bd3 Nd6 7.
cxb5 Bg7 8. Nc3 O-O 9. O-O a6 10. bxa6 Bxa6 11. Re1 Bxd3 12. Qxd3 Na6 13. Bg5 f6 14.
Bf4 Nb4 15. Qe2 Nf5 16. g4 Nd4 17. Nxd4 cxd4 18. Nb5 Nxd5 19. Bg3 Qb6 20. a4 f5 21.
gxf5 Rxf5 22. b4 d3 23. Qxd3 Bxa1 24. Rxa1 e6 25. a5 Qa6 26. Rb1 Nf6 27. Bh4 Ng4 28.
Qxd7 Qxb5 29. Qxe6+ Kg7 30. Rc1 Ne5 31. Rc7+ Nf7 32. Bg3 Re8 33. a6 Rxe6 0-1

[Event "Early-Titled-Tuesday-Blitz-April-16-2024"]
[Site "Chess.com"]
[Date "2024.04.16"]
[Round "11"]
[White "Elnaz_Kaliakhmet"]
[Black "Caroexpert"]
[Result "0-1"]
[WhiteElo "2555"]
[BlackElo "2674"]
[TimeControl "180+1"]
[EndTime "10:10:52 PDT"]
[Termination "Caroexpert won by resignation"]

1. d4 d5 2. c4 e6 3. Nf3 a6 4. cxd5 exd5 5. Nc3 h6 6. Bf4 Nf6 7. e3 Bd6 8. Bxd6 Qxd6 9. Bd3 O-O 10. O-O Bg4 11. h3 Bxf3 12. Qxf3 Nbd7 13. Rab1 c6 14.
b4 Rfe8 15. a4 b5 16. a5 Qe7 17. Rfc1 Ne4 18. Qe2 Nd6 19. Na2 Nc4 20. Bxc4 bxc4 21. Nc3 Rab8 22. Qb2 Rb7 23. Na4 Reb8 24. Nc5 Nxc5 25.
dxc5 Qxc5 26. Qe5 Rxb4 27. Qxb8+ Rxb8 28. Rxb8+ Kh7 29. Rb6 Qa3 30. Rcb1 c5 31. Rd1 c3 32. Rxd5 c2 33. Rxa6 c1=Q+ 34. Kh2 Qf1 35. Rf5 Qxa6 36. Rxf7 Qd6+ 37. g3 Qxa5 38. h4 c4 39. Rf4 Qxf4 40. exf4 c3 41. Kg2 c2 42. Kh2 c1=Q 0-1

[Event "Early-Titled-Tuesday-Blitz-April-16-2024"]
[Site "Chess.com"]
[Date "2024.04.16"]
[Round "11"]
[White "Matibar"]
[Black "xasid81"]
[Result "1-0"]
[WhiteElo "2812"]
[BlackElo "2631"]
[TimeControl "180+1"]
[EndTime "10:10:53 PDT"]
[Termination "Matibar won on time"]

1. e4 e6 2. d4 d5 3. exd5 exd5 4. h3 Bd6 5. Nf3 Ne7 6. c4 c6 7. c5 Bc7 8. Bd3 Bf5 9. O-O O-O 10. Nc3 Nd7 11. b4 a6 12. a4 Re8 13. Rb1 Nf8 14. Bg5 f6 15. Be3 Qd7 16. Bxf5 Nxf5 17.
Qd3 Ng6 18. Bd2 Bf4 19. b5 axb5 20. axb5 Bxd2 21. Qxd2 Nfh4 22. Nxh4 Nxh4 23. Qf4 Nf5 24. Rfe1 Rxe1+ 25. Rxe1 cxb5 26. Nxb5 g5 27. Qf3 Rf8 28. Nd6 Nxd6 29. Qxd5+ Kh8 30. cxd6 Rf7 31. Re6 Kg7 32. Qe4 Qd8 33. d5 h6 34. h4 Qb6 35. h5 f5 36. Qe5+ Kh7 37. Re8 Rg7 38. d7 Qb1+ 39. Kh2 1-0

[Event "Early-Titled-Tuesday-Blitz-April-16-2024"]
[Site "Chess.com"]
[Date "2024.04.16"]
[Round "11"]
[White "Dinosaurio_1975"]
[Black "Smoking_Crow"]
[Result "0-1"]
[WhiteElo "2586"]
[BlackElo "2686"]
[TimeControl "180+1"]
[EndTime "10:10:53 PDT"]
[Termination "Smoking_Crow won on time"]

1. e4 e5 2. Nf3 Nc6 3. Bc4 Nf6 4.
d3 Bc5 5. Be3 d6 6. Bxc5 dxc5 7.
Bb5 Nd7 8. Bxc6 bxc6 9. Nbd2 O-O 10. O-O f6 11. Nc4 Qe7 12. Nfd2 Rd8 13. a4 Nf8 14.
Qe1 Ne6 15. Nb3 Nd4 16. Nxd4 cxd4 17. Qa5 Be6 18. Nd2 Rdb8 19. b3 c5 20. f4 exf4 21.
Rxf4 Qd6 22. Raf1 Rb4 23. R4f2 Qb6 24. Qxb6 axb6 25. e5 f5 26. Nf3 g6 27. Ng5 Bd5 28. g4 fxg4 29. e6 Re8 30. Rf6 b5 31.
a5 c4 32. bxc4 bxc4 33. Rf7 cxd3 34. cxd3 Rb2 35. Ne4 Bxe4 36. dxe4 Rxe6 37. Rxc7 Rxe4 38. Rfc1 Ree2 39. Rd7 Rg2+ 40. Kf1 Rbf2+ 41. Ke1 Re2+ 42. Kf1 Ref2+ 43. Ke1 Rg1+ 44. Kxf2 Rxc1 45. Rxd4 h5 46. Kg3 Ra1 47. Rd5 Kg7 48. Rb5 Kh6 49. Rc5 Ra3+ 50.
Kg2 h4 51. Rc4 Kh5 52. Rc5+ g5 53. Rb5 Ra2+ 54. Kg1 g3 55. hxg3 h3 0-1

[Event "Early-Titled-Tuesday-Blitz-April-16-2024"]
[Site "Chess.com"]
[Date "2024.04.16"]
[Round "11"]
[White "kleber2007"]
[Black "BenchGM"]
[Result "1-0"]
[WhiteElo "2556"]
[BlackElo "2309"]
[TimeControl "180+1"]
[EndTime "10:10:56 PDT"]
[Termination "kleber2007 won by resignation"]

1. Nf3 Nf6 2. g3 d5 3. Bg2 e6 4. O-O Be7 5. c4 O-O 6. b3 c5 7. cxd5 Nxd5 8. Bb2 Bf6 9. d4 Nc6 10. Na3 a6 11. Rc1 cxd4 12. Nxd4 Ncb4 13. Nc4 b5 14. Ne3 Nxe3 15. fxe3 Nd5 16. Nc6 Qb6 17. Bxf6 Nxe3 18. Bd4 Nxd1 19. Bxb6 Kh8 20. Rfxd1 Bb7 21. Ne5 Bxg2 22.
Kxg2 f6 23. Nf3 e5 24. Rd7 Rfb8 25. Rcc7 Rxb6 26. Rxg7 Rd6 27. Rxh7+ Kg8 28. Nh4 Rd2 29. Ng6 Rxe2+ 30. Kh3 1-0

[Event "Early-Titled-Tuesday-Blitz-April-16-2024"]
[Site "Chess.com"]
[Date "2024.04.16"]
[Round "11"]
[White "esrosenberg"]
[Black "stratacticos"]
[Result "1-0"]
[WhiteElo "2348"]
[BlackElo "1893"]
[TimeControl "180+1"]
[EndTime "10:10:57 PDT"]
[Termination "esrosenberg won by resignation"]

1. d4 Nf6 2. Nf3 g6 3. Nc3 c5 4. d5 Bg7 5. e4 O-O 6. e5 Ne8 7. h4 h5 8. g4 hxg4 9. Ng5 d6 10. e6 f5 11. h5 gxh5 12. Rxh5 Nf6 13. Rh1 Qe8 14. Nf7 Rxf7 15. exf7+ Qxf7 16. Bf4 Nbd7 17. Qd2 Ne5 18. O-O-O Qg6 19. Kb1 Nh5 20. Bxe5 Bxe5 21. Bd3 Bd7 22. Ne2 b5 23. c3 Rb8 24. Ng3 Bf4 25. Qe2 Bxg3 26. fxg3 Nxg3 27. Qxe7 Nxh1 28. Rxh1 Qg7 29. Qxd6 c4 30. Qxb8+ Kf7 31. Bc2 g3 32. Qf4 Qg4 33. Qxg4 fxg4 34. Rg1 1-0

[Event "Early-Titled-Tuesday-Blitz-April-16-2024"]
[Site "Chess.com"]
[Date "2024.04.16"]
[Round "11"]
[White "Yan_Dyomin2010"]
[Black "masterofpuppets2"]
[Result "1-0"]
[WhiteElo "2627"]
[BlackElo "2472"]
[TimeControl "180+1"]
[EndTime "10:10:58 PDT"]
[Termination "Yan_Dyomin2010 won by resignation"]

1. e4 e5 2. Nc3 Nf6 3. d4 exd4 4. Qxd4 Nc6 5. Qd3 Bb4 6. Bd2 O-O 7. O-O-O Re8 8.
Nge2 Ne5 9. Qg3 Nh5 10. Qh3 g6 11. g4 d6 12. f3 Nc4 13. Bh6 Bc5 14. Nd4 Bxd4 15. Rxd4 Ne5 16. Qg2 Ng7 17. Be2 a6 18. h4 b5 19. Nd5 Bb7 20. Bg5 Qc8 21. Nf6+ Kh8 22. Nxe8 Qxe8 23. h5 Kg8 24. hxg6 Nxg6 25. Qh3 Qe5 26. Qxh7+ Kf8 27. Be3 Ne6 28. Rdd1 Ke7 29.
Qh2 Nef4 30. Bd3 c5 31. Qd2 Bc6 32. Bf1 a5 33. Rh5 Nxh5 34. gxh5 Nf8 35. Bf4 Qe6 36. Bxd6+ Ke8 37. Bxc5 Nd7 38. Bd4 f6 39. h6 Kf7 40.
h7 Rh8 41. b3 Rxh7 42. a4 b4 43. Bc4 1-0

[Event "Early-Titled-Tuesday-Blitz-April-16-2024"]
[Site "Chess.com"]
[Date "2024.04.16"]
[Round "11"]
[White "Roedor"]
[Black "dianamirza"]
[Result "1-0"]
[WhiteElo "2351"]
[BlackElo "1934"]
[TimeControl "180+1"]
[EndTime "10:10:59 PDT"]
[Termination "Roedor won by resignation"]

1. c4 c5 2. g3 Nc6 3. Bg2 g6 4.
Nc3 Bg7 5. Nf3 e6 6. O-O Nge7 7.
a3 O-O 8. Rb1 d5 9. d3 d4 10.
Ne4 b6 11. b4 Bb7 12. bxc5 f5 13. Nd6 Rb8 14. Nxb7 Rxb7 15. Ng5 Qd7 16. cxb6 axb6 17. Qa4 h6 18. Nf3 e5 19. Qb5 e4 20. Nh4 g5 21.
dxe4 gxh4 22. exf5 Rxf5 23. Qb3 hxg3 24. hxg3 Na5 25.
Qd3 Rb8 26. Bh3 Nac6 27. Bf4 Ne5 28. Bxe5 Bxe5 29. e4 Rf3 30. Qxf3 Qxh3 31. Rb5 Ng6 32. Qf5 Qxf5 33. exf5 Bc7 34. fxg6 Kg7 35. Rd1 Kxg6 36. Rxd4 Ra8 37. Rd7 Be5 1-0

[Event "Early-Titled-Tuesday-Blitz-April-16-2024"]
[Site "Chess.com"]
[Date "2024.04.16"]
[Round "11"]
[White "Revan_2002"]
[Black "dvglko"]
[Result "0-1"]
[WhiteElo "2712"]
[BlackElo "2526"]
[TimeControl "180+1"]
[EndTime "10:11:00 PDT"]
[Termination "dvglko won by resignation"]

1. d4 Nf6 2. c4 e6 3. Nc3 Bb4 4.
Nf3 O-O 5. Bg5 c5 6. e3 cxd4 7. Nxd4 Bxc3+ 8. bxc3 Qa5 9. Bxf6 Qxc3+ 10. Ke2 gxf6 11.
Rc1 Qb2+ 12. Rc2 Qb6 13. c5 Qa5 14. h4 b6 15. f4 Ba6+ 16. Kf2 bxc5 17. Nb3 Qb6 18.
Rh3 Kh8 19. Bxa6 Nxa6 20. Qxd7 Nb4 21. Rd2 Rad8 22. Qe7 Nd5 23. Qxc5 Qxc5 24. Nxc5 Nxf4 25. exf4 Rxd2+ 26. Ke3 Rc2 27. Ne4 f5 28. Kd3 Rxa2 29. Nc3 Ra3 30. Kc4 Rc8+ 31. Kb4 Raxc3 32. Rxc3 Rxc3 33.
Kxc3 f6 34. Kb4 e5 35. g3 e4 36. Kc4 a5 37. Kd4 a4 38. Kc3 e3 0-1

[Event "Early-Titled-Tuesday-Blitz-April-16-2024"]
[Site "Chess.com"]
[Date "2024.04.16"]
[Round "11"]
[White "Alen_Yeremyann"]
[Black "Zohid6"]
[Result "0-1"]
[WhiteElo "2829"]
[BlackElo "2944"]
[TimeControl "180+1"]
[EndTime "10:11:03 PDT"]
[Termination "Zohid6 won on time"]

1. e4 e5 2. Nf3 Nf6 3. Nc3 Nc6 4. d4 exd4 5. Nxd4 Bb4 6. Nxc6 bxc6 7. Bd3 d5 8. exd5 O-O 9. O-O cxd5 10. h3 c6 11. Qf3 Rb8 12. Bg5 Bd6 13. Rab1 h6 14. Bf4 Rb4 15. Bxd6 Qxd6 16. b3 Rf4 17. Qg3 Nh5 18.
Qh2 Qf6 19. Ne2 Rh4 20. Rbe1 c5 21. f4 Qb6 22. c4 d4 23. f5 Qf6 24. Nf4 Bb7 25.
Nd5 Qg5 26. Rf3 Bxd5 27. cxd5 Nf4 28. d6 Nxd3 29. Rxd3 Qxf5 30. Rf3 Qd5 31. Qg3 Rh5 32. Re7 Rg5 33. Qf4 d3 34. d7 d2 35. Kh2 d1=Q 36. Re8 Qxd7 37. Rxf8+ Kxf8 38. Qb8+ Qd8 0-1

[Event "Early-Titled-Tuesday-Blitz-April-16-2024"]
[Site "Chess.com"]
[Date "2024.04.16"]
[Round "11"]
[White "atalz0"]
[Black "Durarbayli"]
[Result "0-1"]
[WhiteElo "2500"]
[BlackElo "2879"]
[TimeControl "180+1"]
[EndTime "10:11:03 PDT"]
[Termination "Durarbayli won by resignation"]

1. d4 Nf6 2. c4 e6 3. Nc3 Bb4 4.
Qc2 c5 5. dxc5 Na6 6. a3 Bxc3+ 7. Qxc3 Nxc5 8. b4 Nce4 9. Qb2 d5 10. c5 h6 11. f3 Ng5 12. Bf4 O-O 13. e3 Nd7 14.
Bd6 Re8 15. Bb5 a6 16. Ba4 b5 17. Bb3 Bb7 18. Ne2 f6 19. Rc1 Nf7 20. Bg3 Nde5 21.
Qd2 Nc4 22. Bxc4 bxc4 23. O-O Bc6 24. Nd4 Ba4 25. f4 Qd7 26. Qc3 Rad8 27. f5 e5 28.
Ne6 Rxe6 29. fxe6 Qxe6 30. Rf2 Ng5 31. Qe1 Ne4 32. Rb2 f5 33. h3 d4 34. exd4 exd4 35.
Re2 c3 36. Bd6 Bb5 37. Rxe4 fxe4 38. Qh4 Re8 39. Qf2 Qd5 40. Rd1 e3 41. Qg3 e2 42.
Re1 d3 43. Qg6 d2 0-1

[Event "Early-Titled-Tuesday-Blitz-April-16-2024"]
[Site "Chess.com"]
[Date "2024.04.16"]
[Round "11"]
[White "AsselLesbekova"]
[Black "Zavgorodniy_Sergiy"]
[Result "0-1"]
[WhiteElo "2439"]
[BlackElo "2616"]
[TimeControl "180+1"]
[EndTime "10:11:05 PDT"]
[Termination "Zavgorodniy_Sergiy won by resignation"]

1. e4 c6 2. d4 d5 3. e5 Bf5 4.
Nd2 e6 5. Nb3 Nd7 6. Nf3 h6 7.
Bd3 Ne7 8. O-O a6 9. Ne1 c5 10.
Bxf5 Nxf5 11. c3 Rc8 12. f4 h5 13. Nf3 c4 14. Nbd2 Ne3 15. Qe2 Nxf1 16. Nxf1 g6 17. Bd2 Be7 18. h3 b5 19. a3 a5 20.
Ne3 h4 21. Be1 Kf8 22. Kh2 Kg7 23. g3 hxg3+ 24. Bxg3 Rh5 25. Kg2 Qb6 26. Nc2 b4 27. axb4 axb4 28. Nxb4 Bxb4 29. cxb4 Qxb4 30. Ra7 Rd8 31. Bh4 Qb6 32. Bf6+ Kg8 33. Ra3 Rb8 34. Kg3 Nxf6 35. exf6 Qd8 36. Ng5 Qxf6 37. h4 Qxd4 38.
Nxe6 Qg1+ 39. Kf3 Qh1+ 40. Kf2 Qh2+ 41. Kf1 Qxe2+ 0-1

[Event "Early-Titled-Tuesday-Blitz-April-16-2024"]
[Site "Chess.com"]
[Date "2024.04.16"]
[Round "11"]
[White "frederiksvane"]
[Black "snowlord"]
[Result "1-0"]
[WhiteElo "3068"]
[BlackElo "2968"]
[TimeControl "180+1"]
[EndTime "10:11:07 PDT"]
[Termination "frederiksvane won by resignation"]

1. e4 e6 2. d4 d5 3. Nc3 Bb4 4. exd5 exd5 5. Bd3 c6 6. Nf3 Ne7 7. O-O O-O 8. Ne2 Bf5 9. Bf4 Re8 10. c3 Bd6 11. Re1 Bxd3 12. Qxd3 Ng6 13. Bxd6 Qxd6 14. Ng3 Nd7 15. Nf5 Qf6 16. g3 Re6 17. h4 Rae8 18.
Kg2 Re4 19. Ne3 h6 20. Nd2 Rxh4 21. Ng4 Nf4+ 22. Kf3 Rxg4 23. Rxe8+ Nf8 24. gxf4 Rxf4+ 25. Ke2 Rxf2+ 26. Kd1 g6 27. Kc2 Kg7 28. Rf1 Ne6 29.
Rxf2 Qxf2 30. Re7 h5 31. Qf3 Qxf3 32. Nxf3 Kf6 33. Rxb7 h4 34. Nxh4 1-0

[Event "Early-Titled-Tuesday-Blitz-April-16-2024"]
[Site "Chess.com"]
[Date "2024.04.16"]
[Round "11"]
[White "DeArron_Fox"]
[Black "AlmasRakhmatullaev"]
[Result "0-1"]
[WhiteElo "2560"]
[BlackElo "2879"]
[TimeControl "180+1"]
[EndTime "10:11:08 PDT"]
[Termination "AlmasRakhmatullaev won by resignation"]

1. d4 d5 2. c4 c6 3. Nc3 Nf6 4. e3 a6 5. Nf3 Bf5 6. Be2 e6 7. Nh4 Be4 8. f3 Bg6 9. Nxg6 hxg6 10. Kf2 Bd6 11. g3 Qc7 12. Kg2 dxc4 13. Bxc4 e5 14.
d5 Nbd7 15. Qe2 Nb6 16. Rd1 Nxc4 17. Qxc4 Qd7 18. h4 c5 19. e4 b5 20. Qe2 b4 21.
Nb1 Rh5 22. Bg5 Nh7 23. Be3 g5 24. f4 g4 25. f5 Nf6 26. Nd2 Qb5 27. Qxb5+ axb5 28. Bg5 c4 29. b3 c3 30. Bxf6 gxf6 31. Nf1 Bc5 32. Re1 Kd7 33. Ne3 Bxe3 34. Rxe3 Kd6 35. Re2 Rhh8 36. Rc2 Rhc8 37. Kf2 Ra3 38. Ke3 Rca8 39. Rcc1 Rxa2 40. Rxa2 Rxa2 41. Kd3 Rd2+ 42. Ke3 Rb2 43. Kd3 Rxb3 44. Ra1 Rb2 45. Ra6+ Kd7 46.
Rxf6 Rd2+ 47. Ke3 b3 48. Rc6 b4 49. Rc4 b2 50. Rxb4 Rd1 51. Rb7+ Kc8 0-1

[Event "Early-Titled-Tuesday-Blitz-April-16-2024"]
[Site "Chess.com"]
[Date "2024.04.16"]
[Round "11"]
[White "carloseduar100"]
[Black "Fernando_Offermann"]
[Result "0-1"]
[WhiteElo "2248"]
[BlackElo "2438"]
[TimeControl "180+1"]
[EndTime "10:11:08 PDT"]
[Termination "Fernando_Offermann won on time"]

1. d4 Nf6 2. Bg5 g6 3. Bxf6 exf6 4. g3 f5 5. e3 d5 6. Nd2 c6 7. Bg2 Nd7 8. Ne2 Nf6 9. O-O Bd6 10. c4 dxc4 11.
Nxc4 Bc7 12. b4 O-O 13. a4 a6 14. Nc3 Re8 15. b5 Nd5 16. Nxd5 cxd5 17. Ne5 Be6 18. bxa6 Rxa6 19. Qb3 Rb6 20. Qa2 Qd6 21. Rfc1 Ra8 22. Rxc7 Qxc7 23. Bxd5 Qc3 24. Bxe6 Rxe6 25.
Rb1 Qc7 26. Qd5 Ra7 27. h4 Kg7 28. h5 gxh5 29. Nf3 Ra5 30. Qxb7 Qxb7 31. Rxb7 Rxa4 32.
Rb5 Rf6 33. Nh4 Ra1+ 34. Kg2 Raa6 35. Nxf5+ Kg6 36. Nh4+ Kh6 37. e4 Rab6 38. Nf5+ Kg6 39.
Rxb6 Rxb6 40. d5 Kf6 41. d6 Rb7 42. f3 Ke5 43. Kh3 Ke6 44. Kh4 Rb3 45. f4 Rb4 0-1

[Event "Early-Titled-Tuesday-Blitz-April-16-2024"]
[Site "Chess.com"]
[Date "2024.04.16"]
[Round "11"]
[White "AlphaGoosee"]
[Black "azikom"]
[Result "1-0"]
[WhiteElo "2580"]
[BlackElo "2687"]
[TimeControl "180+1"]
[EndTime "10:11:15 PDT"]
[Termination "AlphaGoosee won by resignation"]

1. e4 c6 2. d4 d5 3. exd5 cxd5 4. Bd3 Nf6 5. h3 Nc6 6. c3 g6 7. Nf3 Bf5 8. Ne5 Bxd3 9. Nxd3 Bg7 10. O-O O-O 11. Bf4 Ne4 12. Nd2 Nxd2 13. Qxd2 e6 14. g3 Rc8 15. h4 h5 16. Kg2 Re8 17. Rae1 Na5 18. Bg5 Qd7 19. Ne5 Qc7 20. Nd3 Nc4 21. Qc1 b5 22. Rh1 a5 23. Bh6 b4 24. g4 hxg4 25.
h5 bxc3 26. bxc3 Qe7 27. hxg6 fxg6 28. Bxg7 Qxg7 29. Qg5 Qf7 30. Rh6 Kg7 31. Nf4 e5 32. Nh5+ Kg8 33. Rxg6+ Kf8 34. Rf6 1-0

[Event "Early-Titled-Tuesday-Blitz-April-16-2024"]
[Site "Chess.com"]
[Date "2024.04.16"]
[Round "11"]
[White "ccccvhhhj"]
[Black "NowInChess"]
[Result "1-0"]
[WhiteElo "2437"]
[BlackElo "2247"]
[TimeControl "180+1"]
[EndTime "10:11:15 PDT"]
[Termination "ccccvhhhj won by resignation"]

1. e4 e6 2. Nf3 d5 3. e5 c5 4. b4 cxb4 5. a3 Nc6 6. axb4 Bxb4 7. c3 Be7 8. d4 a6 9. Bd3 Bd7 10. O-O b5 11. Ne1 Na5 12. Qg4 Kf8 13. Nd2 Nh6 14. Qh3 Nf5 15. g4 Nh4 16. f4 Nc4 17.
Nxc4 dxc4 18. Be4 Ra7 19. f5 Bg5 20. d5 exd5 21. Bxg5 Qxg5 22. Bxd5 Bxf5 23. Ng2 Nxg2 24. Bxg2 Qxg4 25. Qe3 Re7 26. Rxa6 h5 27. Ra8+ Bc8 28. Qc5 Kg8 29. Rxc8+ Qxc8 30. Qxc8+ Kh7 31. Qf5+ g6 32. Qg5 Rhe8 33. Be4 Kg8 34. Bd5 Kh7 35. Rxf7+ Rxf7 36. Bxf7 1-0